 Dungeon Crawl Stone Soup version 0.18.1-8-gdd0e5ea (webtiles) character file.

20693 AvylaarBelgium the Nimble (level 12, -2/98 HPs)
             Began as a Demonspawn Gladiator on June 4, 2016.
             Was the Champion of Makhleb.
             Slain by a yak (5 damage)
             ... on level 1 of the Lair of Beasts.
             The game lasted 00:51:04 (10909 turns).

AvylaarBelgium the Nimble (Demonspawn Gladiator)   Turns: 10909, Time: 00:51:04

Health: -2/98      AC: 12    Str: 21    XL:     12   Next: 47%
Magic:  12/12      EV:  2    Int: 13    God:    Makhleb [******]
Gold:   437        SH:  0    Dex: 10    Spells: 0 memorised, 11 levels left

rFire  + + .     SeeInvis +     R - +7 great sword of Extermination {flame, rF++ Str-3 Int+3 SInv}
rCold  + . .     Gourm    .     K - +1 leather armour of Inviolability {+Inv Str+3 Dex-5 Slay+2}
rNeg   + + +     Faith    .     (shield currently unavailable)
rPois  ∞         Spirit   .     (helmet restricted)
rElec  .         Dismiss  .     A - +0 cloak
rCorr  .         Reflect  .     M - +1 pair of gloves
SustAt .         Harm     .     j - +0 pair of boots
MR     .....                    O - amulet of magic regeneration
Stlth  +.........               P - +4 ring of protection
                                (no ring)

@: liquid flames, petrified, glowing, not resistant to hostile enchantments,
very unstealthy
A: antennae 2, thin skeletal structure 1, cold resistance 1, powered by death 2,
powered by pain 2
a: Minor Destruction, Lesser Servant of Makhleb, Major Destruction, Greater
Servant of Makhleb, Renounce Religion, Evoke Invisibility


You were on level 1 of the Lair of Beasts.
You worshipped Makhleb.
Makhleb was exalted by your worship.
You were hungry.

You visited 2 branches of the dungeon, and saw 12 of its levels.
You also visited: Labyrinth.

You collected 565 gold pieces.
You spent 128 gold pieces at shops.

Inventory:

Hand Weapons
 y - a +5 morningstar of protection
 D - a +0 blowgun
 R - the +7 great sword of Extermination (weapon) {flame, rF++ Str-3 Int+3 SInv}
   (You found it in a labyrinth)

   It has been specially enchanted to burn those struck by it, causing extra
   injury to most foes and up to half again as much damage against particularly
   susceptible opponents.
   Big, fiery blades are also staple armaments of hydra-hunters.
   It affects your strength (-3).
   It affects your intelligence (+3).
   It greatly protects you from fire.
   It lets you see invisible.
 U - a +0 eveningstar
Missiles
 m - 8 tomahawks (quivered)
 r - 6 tomahawks of returning
 u - 21 poisoned needles
Armour
 j - a +0 pair of boots (worn)
 A - a +0 cloak (worn)
 H - a +0 buckler
 K - the +1 leather armour of Inviolability (worn) {+Inv Str+3 Dex-5 Slay+2}
   (You found it on level 5 of the Dungeon)

   It affects your strength (+3).
   It affects your dexterity (-5).
   It affects your accuracy and damage with ranged weapons and melee attacks
   (+2).
   It lets you turn invisible.
 M - a +1 pair of gloves (worn)
Magical Staves
 h - an uncursed staff of power
Rods
 t - a +4 rod of clouds (14/14)
   (You found it in a labyrinth)
Jewellery
 i - an uncursed ring of ice
 o - an uncursed ring of see invisible
 B - an uncursed ring of resist corrosion
 F - an uncursed ring of poison resistance
 O - an amulet of magic regeneration (around neck)
 P - a +4 ring of protection (right hand)
Wands
 c - a wand of lightning (4/15)
 d - a wand of hasting (0/9)
 g - a wand of lightning (6/15)
 n - a wand of hasting (4/9)
 J - a wand of paralysis (11/24)
 V - a wand of teleportation (0/9)
 Y - a wand of iceblast (8/15)
Scrolls
 k - 2 scrolls of fog {unknown}
 p - 2 scrolls of magic mapping
 q - 3 scrolls of enchant weapon
 w - 6 scrolls of remove curse
 x - a scroll of torment
 T - a scroll of recharging {unknown}
 W - a scroll of teleportation
 X - 2 scrolls of enchant armour
Potions
 a - a potion of lignification
 z - 3 potions of flight
 E - a potion of cure mutation
 N - a potion of agility
 Q - a potion of degeneration {unknown}
Books
 b - a book of Envenomations

   Spells                             Type                      Level
   a - Spider Form                    Transmutation/Poison         3
   b - Olgreb's Toxic Radiance        Poison                       4
   c - Alistair's Intoxication        Transmutation/Poison         5
   d - Poisonous Cloud                Conjuration/Poison/Air       6
 e - a book of Frost

   Spells                             Type                      Level
   a - Freeze                         Ice                          1
   b - Throw Frost                    Conjuration/Ice              2
   c - Ozocubu's Armour               Charms/Ice                   3
   d - Throw Icicle                   Conjuration/Ice              4
   e - Summon Ice Beast               Ice/Summoning                4
 s - a book of the Tempests

   Spells                             Type                      Level
   a - Static Discharge               Conjuration/Air              3
   b - Lightning Bolt                 Conjuration/Air              5
   c - Fireball                       Conjuration/Fire             5
   d - Tornado                        Air                          9
   e - Shatter                        Earth                        9
 C - the Volume of Battle Magic and Darkness
   (You found it in a labyrinth)

   Spells                             Type                      Level
   a - Throw Frost                    Conjuration/Ice              2
   b - Static Discharge               Conjuration/Air              3
   c - Iskenderun's Mystic Blast      Conjuration                  4
   d - Bolt of Draining               Conjuration/Necromancy       5
   e - Poisonous Cloud                Conjuration/Poison/Air       6
 L - a book of Annihilations

   Spells                             Type                      Level
   a - Poison Arrow                   Conjuration/Poison           6
   b - Chain Lightning                Conjuration/Air              8
   c - Lehudib's Crystal Spear        Conjuration/Earth            8
   d - Glaciate                       Conjuration/Ice              9
   e - Fire Storm                     Conjuration/Fire             9
 Z - a book of Battle

   Spells                             Type                      Level
   a - Infusion                       Charms                       1
   b - Shroud of Golubria             Charms/Translocation         2
   c - Song of Slaying                Charms                       2
   d - Spectral Weapon                Hexes/Charms                 3
   e - Regeneration                   Charms/Necromancy            3
Comestibles
 f - 11 bread rations
 l - 15 fruits
 v - 2 royal jellies
 I - 4 meat rations


   Skills:
 - Level 10.4 Fighting
 + Level 5.3 Long Blades
 - Level 11.0 Maces & Flails
   Level 1.0(1.5) Slings
 - Level 1.7(1.9) Throwing
 - Level 1.6 Armour
 + Level 11.6 Dodging
 - Level 1.2 Shields
 + Level 0.0 Spellcasting
 - Level 0.8 Evocations


You had 11 spell levels left.
You didn't know any spells.

Dungeon Overview and Level Annotations

Branches:
Dungeon (10/15)            Temple (0/1) D:7            Lair (2/8) D:9
    Orc (0/2) D:10

Altars:
Ashenzari
Cheibriados
Dithmenos
Kikubaaqudgha
Makhleb
Nemelex Xobeh
Qazlal
Trog
Yredelemnul
The Shining One

Shops:
D:8 !

Annotations:
D:5 Grinder


Innate Abilities, Weirdness & Mutations

You have a pair of antennae on your head.
You have a somewhat thin skeletal structure (Dex +2, Stealth).
Your flesh is cold resistant.
You regenerate health from kills.
You sometimes gain power by taking damage.


Message History

The smoke demon gestures at you. Makhleb smites you!
* * * LOW HITPOINT WARNING * * *
The yak gores you. The basilisk gazes at you. The yak gores you!
* * * LOW HITPOINT WARNING * * *
The basilisk bites you but does no damage.
The smoke demon hits you but does no damage. x3
The yak gores you but does no damage. The basilisk bites you.
* * * LOW HITPOINT WARNING * * *
The smoke demon gestures at you.
Helpless, you fail to dodge the sticky flame.
You resist.
You are covered in liquid flames!
* * * LOW HITPOINT WARNING * * *
You are covered in liquid flames!
* * * LOW HITPOINT WARNING * * *
The yak gores you!
You die...

#.....# ##.#....##.#.........
#.....## #####.#.####......##
#####..# ###..##..#...#..## #.##
##....#..###..÷...# #.##
#..#..##.###....... #..#
##.#.............#. ##..#
#P.##....#P..#...## ###.#.##
#.3#.........P.#... #..##..##
##@###.#..........# #.#####.###
#lY###.#.P.......##
##.###.#..#####>÷.....#####...##
##.#.###....##.#.##..## #....#
##...#...............####....#
####..#..####.#####.......†...##
#P.......###### #..#####[...P#
#......P...#.## #..# #.....#
##....#........#####..# #.....#


You could see a yak, a smoke demon and a basilisk.

Vanquished Creatures
  A minotaur (Lab)
  A queen ant (D:9)
  A manticore (D:10)
  A centaur zombie (D:10)
  9 spiny frogs
  A komodo dragon (Lair:1)
  A rime drake (D:9)
  2 trolls
  A two-headed ogre (D:10)
  7 blink frogs (Lair:1)
  A spriggan (D:8)
  A shadow (Lab)
  2 redbacks (Lab)
  16 yaks
  4 basilisks (Lab)
  5 hippogriffs
  5 hungry ghosts
  20 soldier ants (D:9)
  2 water moccasins
  Duvessa (D:4)
  An orc warrior (D:8)
  2 black bears
  An eye of draining (D:9)
  6 ogres
  3 sky beasts
  A wasp (D:8)
  A necrophage (D:10)
  5 wolves (Lair:1)
  4 phantoms
  3 centaurs
  5 crocodiles
  3 big kobolds
  9 giant frogs
  An earth elemental (Lab)
  Dowan (D:4)
  2 scorpions
  2 water moccasin skeletons
  A spriggan skeleton (Lab)
  3 killer bees (D:10)
  A howler monkey (D:5)
  A wight (D:9)
  6 crimson imps
  A giant frog zombie (D:9)
  3 quasits
  2 hounds
  An orc priest (D:3)
  3 jellies
  A giant frog skeleton (D:4)
  12 orc wizards
  5 iguanas
  30 worker ants
  7 sheep (D:9)
  A hound skeleton (D:9)
  9 river rats (Lair:1)
  11 adders
  2 shadow imps
  3 adder zombies
  2 worms
  4 dart slugs
  5 giant geckos
  26 orcs
  5 giant cockroaches
  7 goblins
  4 hobgoblins
  10 jackals
  5 quokkas
  3 ball pythons
  8 bats
  5 giant newts
  A jackal skeleton (D:4)
  27 kobolds
  11 rats
  3 fungi (D:9)
  A plant (D:9)
362 creatures vanquished.

Vanquished Creatures (others)
  13 fungi
  9 plants
22 creatures vanquished.

Grand Total: 384 creatures vanquished

Notes
Turn   | Place    | Note
--------------------------------------------------------------
     0 | D:1      | AvylaarBelgium the Demonspawn Gladiator began the quest for the Orb.
     0 | D:1      | Reached XP level 1. HP: 16/16 MP: 1/1
   191 | D:1      | Gained mutation: You regenerate a little health from kills. [demonic ancestry]
   191 | D:1      | Reached XP level 2. HP: 22/22 MP: 2/2
   673 | D:2      | Gained mutation: You have a pair of small antennae on your head. [demonic ancestry]
   673 | D:2      | Reached XP level 3. HP: 21/27 MP: 3/3
   769 | D:2      | Found a burning altar of Makhleb.
   783 | D:2      | Became a worshipper of Makhleb the Destroyer
  1555 | D:3      | Found a bloodstained altar of Trog.
  1555 | D:3      | Found an ancient bone altar of Kikubaaqudgha.
  1570 | D:3      | Reached * piety under Makhleb
  1645 | D:3      | Reached XP level 4. HP: 32/33 MP: 4/4
  1682 | D:3      | Found a faded altar to an unknown god.
  2309 | D:4      | Noticed an ogre
  2558 | D:3      | Gained mutation: You have a somewhat thin skeletal structure (Dex +2, Stealth). [demonic ancestry]
  2558 | D:3      | Reached XP level 5. HP: 38/38 MP: 5/5
  2605 | D:3      | Reached skill level 5 in Long Blades
  2605 | D:3      | Reached skill level 1 in Shields
  2614 | D:3      | Reached skill level 1 in Slings
  2664 | D:3      | Reached ** piety under Makhleb
  3043 | D:4      | Gained mutation: You sometimes gain a little power by taking damage. [demonic ancestry]
  3043 | D:4      | Reached XP level 6. HP: 44/44 MP: 6/6
  3258 | D:4      | Reached skill level 1 in Maces & Flails
  3275 | D:4      | Found a shattered altar of Ashenzari.
  3392 | D:4      | Noticed Duvessa
  3392 | D:4      | Noticed Dowan
  3411 | D:5      | Entered Level 5 of the Dungeon
  3411 | D:5      | Noticed Grinder
  3574 | D:6      | Gained mutation: You have a pair of antennae on your head. [demonic ancestry]
  3574 | D:6      | Reached XP level 7. HP: 54/54 MP: 7/7
  3599 | D:6      | Reached *** piety under Makhleb
  3659 | D:6      | Reached skill level 5 in Fighting
  4150 | D:6      | Found a glowing golden altar of the Shining One.
  4316 | D:6      | Reached XP level 8. HP: 55/62 MP: 8/8
  4459 | D:5      | Reached skill level 5 in Maces & Flails
  4676 | D:4      | Killed Duvessa
  4680 | D:4      | Killed Dowan
  4822 | D:5      | Got a faintly glowing leather armour
  4896 | D:7      | Found a staircase to the Ecumenical Temple.
  5048 | D:7      | Reached **** piety under Makhleb
  5144 | D:7      | Found a basalt altar of Yredelemnul.
  5147 | D:7      | Gained mutation: You regenerate health from kills. [demonic ancestry]
  5147 | D:7      | Reached XP level 9. HP: 68/68 MP: 9/9
  5153 | D:7      | Reached skill level 1 in Armour
  5380 | D:8      | Identified the +1 leather armour of Inviolability {+Inv Str+3 Dex-5 Slay+2} (You found it on level 5 of the Dungeon)
  5459 | D:8      | Found Opix's Distillery.
  5464 | D:8      | Bought a potion of mutation for 40 gold pieces
  5464 | D:8      | Bought a potion of curing for 48 gold pieces
  5464 | D:8      | Bought a potion of mutation for 40 gold pieces
  5464 | D:8      | Gained mutation: Your magical capacity is low (-10% MP). [potion of mutation]
  5464 | D:8      | Gained mutation: You tend to lose your temper in combat. [potion of mutation]
  5464 | D:8      | Gained mutation: Your system is resistant to poisons. [potion of mutation]
  5465 | D:8      | Gained mutation: You expend magic power (3 MP) to strengthen your wands. [potion of mutation]
  5465 | D:8      | Gained mutation: You are dopey. (Int -2) [potion of mutation]
  5466 | D:8      | Lost mutation: You expend magic power (3 MP) to strengthen your wands. [potion of cure mutation]
  5466 | D:8      | Lost mutation: Your magical capacity is low (-10% MP). [potion of cure mutation]
  5466 | D:8      | Lost mutation: You are dopey. (Int -2) [potion of cure mutation]
  5466 | D:8      | Lost mutation: You tend to lose your temper in combat. [potion of cure mutation]
  5466 | D:8      | Lost mutation: Your system is resistant to poisons. [potion of cure mutation]
  5624 | D:8      | Found a sparkling altar of Nemelex Xobeh.
  5624 | D:8      | Found a stormy altar of Qazlal.
  5630 | D:8      | Found a shadowy altar of Dithmenos.
  5856 | D:8      | Reached skill level 5 in Dodging
  6379 | D:9      | Found a staircase to the Lair.
  6497 | D:9      | Reached XP level 10. HP: 69/74 MP: 10/10
  6506 | D:9      | Reached ***** piety under Makhleb
  6573 | D:9      | Noticed a queen ant
  6603 | D:9      | Killed a queen ant
  6603 | D:9      | Reached skill level 10 in Dodging
  6913 | D:9      | Found a snail-covered altar of Cheibriados.
  6933 | D:8      | Gained mutation: You sometimes gain power by taking damage. [demonic ancestry]
  6933 | D:8      | Reached XP level 11. HP: 41/83 MP: 11/11
  7425 | D:10     | Entered Level 10 of the Dungeon
  7525 | D:10     | Found a staircase to the Orcish Mines.
  7765 | D:10     | Reached skill level 10 in Maces & Flails
  7989 | D:10     | Reached ****** piety under Makhleb
  8563 | Lair:1   | Entered Level 1 of the Lair of Beasts
  9033 | Lair:1   | HP: 1/89 [komodo dragon (18)]
  9688 | Lair:1   | Gained mutation: Your flesh is cold resistant. [demonic ancestry]
  9688 | Lair:1   | Reached XP level 12. HP: 95/95 MP: 12/12
 10135 | Lair:1   | HP: 4/97 [blink frog (14)]
 10253 | Lair:2   | Reached skill level 10 in Fighting
 10273 | Lair:2   | Found a labyrinth entrance.
 10297 | Lab      | Entered a labyrinth
 10695 | Lab      | Noticed a minotaur
 10726 | Lab      | Killed a minotaur
 10754 | Lab      | Identified the Volume of Battle Magic and Darkness
 10755 | Lab      | Got a brightly glowing great sword
 10772 | Lab      | Identified the +7 great sword of Extermination {flame, rF++ Str-3 Int+3 SInv} (You found it in a labyrinth)
 10775 | Lab      | Identified a +4 rod of clouds (14/14) (You found it in a labyrinth)
 10908 | Lair:1   | HP: 4/98 [smoke demon/sticky flame[the player character] (1)]
 10909 | Lair:1   | Slain by a yak

Skill      XL: |  1  2  3  4  5  6  7  8  9 10 11 12 |
---------------+-------------------------------------+-----
Long Blades    | 3 4 5 |  5.3
Shields        | 1 |  1.2
Slings         | 1 |  1.0
Dodging        | 3 8 10 11 | 11.6
Maces & Flails | 1 4 8 9 11 | 11.0
Fighting       | 4 5 6 9 10 | 10.4
Armour         | 1 |  1.6
Throwing       | |  1.7
Evocations     | |  0.8

Action                   |  1- 3 |  4- 6 |  7- 9 | 10-12 || total
-------------------------+-------+-------+-------+-------++-------
Melee: Long sword        |   117 |   260 |     9 |       ||   386
       Flail             |       |    18 |    34 |       ||    52
       Morningstar       |       |       |   317 |   706 ||  1023
       Great sword       |       |       |       |     4 ||     4
 Fire: Hunting sling     |     6 |       |       |       ||     6
       Blowgun           |       |     5 |    13 |    58 ||    76
Throw: Throwing net      |     4 |     2 |     2 |       ||     8
       Stone             |       |       |     2 |     2 ||     4
       Tomahawk          |       |       |       |     9 ||     9
Invok: Lesser Servant of |       |       |       |     1 ||     1
Evoke: Wand              |       |       |       |     3 ||     3
  Use: Scroll            |       |     6 |     2 |     7 ||    15
       Potion            |       |     1 |     4 |     8 ||    13
 Stab: Distracted        |       |       |       |     1 ||     1
       Sleeping          |       |       |       |     1 ||     1
  Eat: Chunk             |     2 |     7 |    14 |    14 ||    37
       Beef jerky        |       |       |       |     3 ||     3
       Pizza             |       |       |       |     2 ||     2
Armor: Ring mail         |    60 |   109 |    66 |       ||   235
       Leather armour    |     1 |       |    69 |   271 ||   341
       Skin              |       |       |       |     2 ||     2
Dodge: Dodged            |    91 |   212 |   216 |   540 ||  1059
Block: Buckler           |     8 |    57 |    54 |   113 ||   232
